 Dungeon Crawl Stone Soup version 0.32-a0-42-ga30500b (webtiles) character file.

Game seed: 7201095892951973994

102 Dorkslayer the Ruffian (level 4, -5/28 HPs)
             Began as an Octopode Shapeshifter on Jan 27, 2024.
             Slain by a gnoll
             ... wielding a +0 spear
              (6 damage)
             ... on level 3 of the Dungeon.
             The game lasted 00:09:14 (2169 turns).

Dorkslayer the Ruffian (Octopode Shapeshifter)      Turns: 2169, Time: 00:09:14

Health: -5/28      AC:  1    Str: 15    XL:     4   Next: 77%
Magic:  4/4        EV: 13    Int: 12    God:
Gold:   70         SH:  0    Dex: 11    Spells: 3/3 levels left

rFire   . . .        n - +1 war axe
rCold   . . .        (no shield)
rNeg    . . .        (helmet currently unavailable)
rPois   .            (no amulet)
rElec   .            (no ring)
rCorr   .            (no ring)
SInv    .            (no ring)
Will    .....        (no ring)
Stlth   +++          (no ring)
HPRegen 0.24/turn    (no ring)
MPRegen 0.09/turn    (no ring)
                     (no ring)

%: no passive effects
@: beast-form
A: beast (slay +2), almost no armour, amphibious, 8 rings, camouflage 1,
gelatinous body 1, (nimble swimmer 1), tentacles
a: Begin Untransformation


You were on level 3 of the Dungeon.
You were a hulking beast.
You visited 1 branch of the dungeon, and saw 3 of its levels.

You collected 190 gold pieces.
You spent 120 gold pieces at shops.

Inventory:

Hand Weapons
 n - a +1 war axe (weapon)
Talismans
 b - a beast talisman
 c - a flux talisman
Potions
 a - a potion of lignification
 d - a potion of brilliance {unknown}
 f - a potion of invisibility {unknown}
 g - a potion of haste
 h - 3 potions of curing
 k - a potion of might {unknown}
 m - 2 potions of heal wounds


   Skills:
 + Level 1.1 Fighting
 * Level 0.2 Axes
 + Level 2.1 Dodging
 + Level 1.8 Stealth
 * Level 4.2 Unarmed Combat
 + Level 3.7 Shapeshifting


You had 3 spell levels left.
You didn't know any spells.
Your spell library contained the following spells:

 Spells                   Type           Power      Damage    Failure   Level
 Apportation              Tloc           0%         N/A       32%         1
 Necrotise                Necr           0%         1d4       32%         1
 Sting                    Conj/Alch      0%         1d3       32%         1
 Summon Small Mammal      Summ           0%         N/A       32%         1
 Lesser Beckoning         Tloc           0%         N/A       45%         2
 Gell's Gravitas          Tloc           0%         N/A       69%         3
 Teleport Other           Tloc           0%         N/A       69%         3


Dungeon Overview and Level Annotations

Branches:
Dungeon (3/15)

Altars:
Kikubaaqudgha

Shops:
D:3 !


Innate Abilities, Weirdness & Mutations

You are a hulking beast.
Your limbs bulge with bestial killing power. (Slay +2)
You cannot wear most types of armour.
You are amphibious.
You can wear up to eight rings at the same time.
Your skin changes colour to match your surroundings (Stealth+).
Your rubbery body absorbs attacks. (AC +1, EV +1)
((You are camouflaged when in or above water. (Stealth+)))
You have tentacles for arms and can constrict up to eight enemies at once.


Message History

You feel aware of your surroundings.
It was a scroll of revelation.
An orc comes into view. It is wielding a +0 club.
Found 4 stones.
As you read the scroll labelled KUEDEA CIYRO, it crumbles to dust.
The creatures around you are filled with an inner flame!
It was a scroll of immolation.
Blink to where?
Press: ? - help, Dir - move target
There is a wall there.
Okay, then.
As you read the scroll labelled UDAUSINUAJ, it crumbles to dust.
It was a scroll of blinking.
Your surroundings suddenly seem different.
You see here a +0 ring mail.
An endoplasm comes into view.
You closely miss the quokka. Your grab misses the quokka.
The endoplasm quivers.
The quokka bites you. The quokka closely misses you.
You hit the quokka. You grab the quokka.
The quokka is almost dead.
You constrict the quokka.
You kill the quokka!
You slash the endoplasm!
You kill the endoplasm!
You see here a quokka corpse.
The gnoll shouts!
You hear a shout! x3
The gnoll hits you from afar with a +0 spear.
The gnoll shouts!
You hit the gnoll but do no damage. You grab the gnoll. You squeeze the gnoll!
The gnoll is severely wounded.
You constrict the gnoll, but do no damage.
You hear a shout! x2
The gnoll hits you from afar with a +0 spear!
The gnoll hits you with a +0 flail!
* * * LOW HITPOINT WARNING * * *
You release your grip on the gnoll.
You barely miss the gnoll. You grab the gnoll. You squeeze the gnoll.
You kill the gnoll!
The gnoll hits you from afar with a +0 spear.
You die...

#.####..##.#..o,,,,*
.#.###.###K.K##*****
###....#####(..*
###....#######.##*
###....#######...##
.........######*..##
#.....##.######*#g.#
##..####.*#.## ##).#
##..##..##..###h.##
##.#**#..##....##
#.####†>#######
####.....##..#***
)......#.#*.#...*
.........#..#*#.#**
............#**,.,*
........###.....*,*
........# *####.*,**


You could see a gnoll.

Vanquished Creatures
  A gnoll (D:3)
  4 adders
  A dart slug (D:1)
  A ribbon worm (D:3)
  7 ball pythons
  6 endoplasms
  2 giant cockroaches (D:2)
  5 goblins
  6 hobgoblins
  4 jackals (D:3)
  3 quokkas
  4 bats
  7 frilled lizards
  5 kobolds
  4 rats
60 creatures vanquished.

Notes
Turn   | Place    | Note
-------+----------+-------------------------------------------
     0 | D:1      | Dorkslayer the Octopode Shapeshifter began the quest for
                  | the Orb.
     0 | D:1      | Reached XP level 1. HP: 13/13 MP: 1/1
   209 | D:1      | Reached XP level 2. HP: 18/18 MP: 2/2
   745 | D:1      | Found a faded altar of an unknown god.
  1046 | D:2      | Reached XP level 3. HP: 22/23 MP: 3/3
  1503 | D:2      | Reached skill level 1 in Stealth
  1503 | D:2      | Reached XP level 4. HP: 26/28 MP: 4/4
  1518 | D:2      | Reached skill level 4 in Unarmed Combat
  1843 | D:3      | Found Lalagrir's Distillery.
  1864 | D:3      | Bought 2 potions of heal wounds for 120 gold pieces
  1940 | D:3      | Found an ancient bone altar of Kikubaaqudgha.
  2167 | D:3      | HP: 1/28 [gnoll/+0 flail (12)]
  2169 | D:3      | Slain by a gnoll

Illustrated notes

Levels and vault maps discovered:
D:1:      hellmonk_arrival_library, layout_rooms, serial_co_window_serial,
          co_window_paths_a, co_window_paths_b, co_window_corner_a,
          co_window_of_opportunity_a, co_window_paths_a, co_window_paths_b,
          co_window_corner_a, co_window_cross_2, co_window_broadway_a,
          co_window_cross_3, co_window_broadway_a, co_window_cross_2,
          co_window_paths_d, co_window_sun, glass_columns_b, glass_columns_c,
          glass_columns_a, glass_columns_b, ebering_ecumenical_altar_abandoned
D:2:      layout_loops_cross
D:3:      layout_rooms, lemuel_doored_altar, serial_shops, nicolae_shop_crystal,
          minivault_24, minmay_misc_feat_square, kennysheep_doodads,
          st_stairs_7, kennysheep_generic_room_15

Skill      XL: |  1  2  3  4 |
---------------+-------------+-----
Stealth        | 1 |  1.8
Unarmed Combat | 4 |  4.2
Fighting       | |  1.1
Axes           | |  0.2
Dodging        | |  2.1
Shapeshifting  | |  3.7

Action                     |  1- 3 |  4- 6 || total
---------------------------+-------+-------++-------
  Melee: Unarmed           |    52 |    28 ||    80
         Constrict         |    12 |     8 ||    20
         Tentacles         |    10 |     9 ||    19
         Punch             |     2 |     2 ||     4
         War axe           |       |    12 ||    12
    Use: Scroll            |       |    10 ||    10
   Stab: Sleeping          |     9 |     3 ||    12
 Armour: Skin              |    12 |    22 ||    34
  Dodge: Dodged            |    20 |     9 ||    29

Table legend: (Time is in decaauts)
 A = Elapsed time spent in this place.
 B = Non-inter-level travel time spent in this place.
 C = Inter-level travel time spent in this place.
 D = Time resting spent in this place.
 E = Time spent auto-exploring this place.
 F = Levels seen in this place.
 G = Mean time per level.
                   A        B        C        D        E       F      G
               +--------+--------+--------+--------+--------+-----+--------+
         Total |   2168 |   2168 |      0 |      0 |   1219 |   3 |  722.7 |
       Dungeon |   2168 |   2168 |      0 |      0 |   1219 |   3 |  722.7 |
               +--------+--------+--------+--------+--------+-----+--------+

Top non-repeatable levels by time:
     D:1: 1007 daAuts
     D:2: 679 daAuts
     D:3: 481 daAuts
